 Adventure DCSS version bcrawl-1.27.3 (webtiles) character file.

Game seed: 14855784470371326656

260000 galech the Chopper (level 7, 52/54 HPs)
             Began as a Demonspawn Fighter on Sept 21, 2020.
             Quit the game on level 4 of the Dungeon.
             The game lasted 00:03:52 (2539 turns).

galech the Chopper (Demonspawn Fighter)             Turns: 2539, Time: 00:03:53

Health: 52/54      AC:  7    Str: 22    XL:     7   Next: 2%
Magic:  5/7        EV:  6    Int:  9    God:
Gold:   289        SH: 10    Dex: 16    Spells: 6/6 levels left
                                        Lives:  2   Deaths: 0

rFire    + . .     SeeInvis .   r - +2 war axe (chop)
rCold    x . .     Gourm    .   c - +0 medium shield
rNeg     . . .     Faith    .   b - +0 scale mail
rPois    .         Spirit   +   (helmet restricted)
rElec    +         Reflect  .   (no cloak)
rCorr    .         Harm     .   (no gloves)
MR       .....                  (no boots)
Stlth    ..........             (no amulet)
HPRegen  0.18/turn              f - ring of insulation
MPRegen  0.20/turn              d - ring "Meshry" {Fire *Corrode Str+3 Dex+4} (curse)

@: no status effects
A: horns 2, talons 1, magic shield, magic regeneration
a: no special abilities


You were on level 4 of the Dungeon.
You were not hungry.

You visited 1 branch of the dungeon, and saw 4 of its levels.

You collected 289 gold pieces.

Inventory:

Hand Weapons
 a - a +0 war axe
 r - a +2 war axe of chopping (weapon)
Missiles
 s - a throwing net {=f}
Armour
 b - a +0 scale mail (worn)
 c - a +0 medium shield (worn)
Jewellery
 d - the cursed ring "Meshry" (right hand) {Fire *Corrode Str+3 Dex+4}
   (You found it on level 3 of the Dungeon)

   [ring of fire]

   It enhances your fire magic.
   It affects your strength (+3).
   It affects your dexterity (+4).
   It protects you from fire.
   It makes you vulnerable to cold.
   It may corrode you when you take damage.
   It has a curse placed upon it.
 f - a ring of insulation (left hand)
Scrolls
 g - 2 scrolls of enchant weapon {unknown}
 k - 2 scrolls of identify
 l - a scroll of immolation {unknown}
 m - 2 scrolls of teleportation {unknown}
 o - 3 scrolls of blinking {unknown}
 q - a scroll of noise {unknown}
 t - a scroll of remove curse {unknown}
Potions
 h - a potion of haste {unknown}
 i - a potion of degeneration {unknown}
 j - 3 potions of curing
 n - a potion of berserk rage {unknown}
Comestibles
 e - 3 rations {!d}
 p - 8 chunks of flesh


   Skills:
 + Level 4.1 Fighting
 + Level 5.0 Axes
 + Level 3.8 Armour
 + Level 1.1 Dodging
 + Level 0.7 Stealth
 + Level 3.4 Shields


You had 6 spell levels left.
You didn't know any spells.
Your spell library was empty.

Dungeon Overview and Level Annotations

Branches:
Dungeon (4/12)
 Temple: D:4-7

Altars:
Cheibriados
Lugonu
Nemelex Xobeh
Sif Muna
Wu Jian

Annotations:
D:4 Blork the orc


Innate Abilities, Weirdness & Mutations

You have a pair of horns on your head.
You have sharp toenails.
When hurt, damage is shared between your health and your magic reserves.
You regenerate magic rapidly.


Message History

The quokka skeleton bites you but does no damage.
Blork the orc screams, "I'll decorate my home with your organs!"
Your shield and scale mail prevent you from hitting the quokka skeleton.
The quokka skeleton barely misses you.
You slash the quokka skeleton!
You destroy the quokka skeleton!
You slash the centaur skeleton! You headbutt the centaur skeleton!
The centaur skeleton is severely damaged.
You block the centaur skeleton's attack.
The centaur skeleton hits you. The adder barely misses you.
You slash the centaur skeleton!
You destroy the centaur skeleton!
You have reached level 7!
Your demonic ancestry asserts itself...
Your toenails lengthen and sharpen.
Your shield and scale mail prevent you from hitting the adder.
You block the adder's attack.
Blork the orc casts a spell.
Blork the orc seems to speed up.
Are you sure you want to abandon this character and quit the game? (Confirm with "yes".)

...... #....##
#.....#
###.....##
##..?.....###
###..........<#
##..............
#......S@.......
................
#.....o..##.###.
#........# .#
......#... ..
......##... ..
.....# .... .
..... .....


You could see Blork the orc and an adder.

Vanquished Creatures
  Grinder (D:3)
  An ice beast (D:3)
  2 centaur skeletons
  2 orc wizards (D:3)
  3 adders (D:3)
  2 oozes (D:3)
  4 worms
  4 dart slugs
  6 leopard geckos
  5 orcs
  13 giant cockroaches
  2 goblins
  8 hobgoblins
  A jackal (D:1)
  2 frilled lizards (D:3)
  3 kobolds (D:2)
  A quokka skeleton (D:4)
  3 rats
63 creatures vanquished.

Notes
Turn   | Place    | Note
-------+----------+-------------------------------------------
     0 | D:1      | galech the Demonspawn Fighter began the quest for the Orb.
     0 | D:1      | Reached XP level 1. HP: 18/18 MP: 1/1
   109 | D:1      | Reached skill level 2 in Axes
   182 | D:1      | Gained mutation: When hurt, damage is shared between your
                  | health and your magic reserves. [demonic ancestry]
   182 | D:1      | Reached XP level 2. HP: 24/24 MP: 2/2
  1120 | D:2      | Reached XP level 3. HP: 29/29 MP: 3/3
  1408 | D:3      | Found a shimmering blue altar of Sif Muna.
  1564 | D:3      | Gained mutation: You have a pair of small horns on your
                  | head. [demonic ancestry]
  1564 | D:3      | Reached XP level 4. HP: 5/36 MP: 1/4
  1816 | D:3      | Found an ornate altar of the Wu Jian Council.
  2057 | D:3      | Noticed Grinder
  2064 | D:3      | Found a sparkling altar of Nemelex Xobeh.
  2066 | D:3      | Reached skill level 3 in Axes
  2066 | D:3      | Gained mutation: You have a pair of horns on your head.
                  | [demonic ancestry]
  2066 | D:3      | Reached XP level 5. HP: 11/42 MP: 1/5
  2068 | D:3      | Killed Grinder
  2068 | D:3      | Reached skill level 4 in Axes
  2068 | D:3      | Reached skill level 1 in Dodging
  2068 | D:3      | Gained mutation: You regenerate magic rapidly. [demonic
                  | ancestry]
  2068 | D:3      | Reached XP level 6. HP: 12/48 MP: 1/6
  2088 | D:3      | Got an ancient bone ring
  2089 | D:3      | Identified the cursed ring "Meshry" {Fire *Corrode Str+3
                  | Dex+4} (You found it on level 3 of the Dungeon)
  2232 | D:3      | Found a corrupted altar of Lugonu.
  2379 | D:3      | Found a snail-covered altar of Cheibriados.
  2383 | D:3      | Noticed an ice beast
  2391 | D:3      | Killed an ice beast
  2391 | D:3      | Reached skill level 5 in Axes
  2533 | D:4      | Noticed Blork the orc
  2538 | D:4      | Gained mutation: You have sharp toenails. [demonic
                  | ancestry]
  2538 | D:4      | Reached XP level 7. HP: 51/54 MP: 5/7
  2539 | D:4      | Quit the game

Skill      XL: |  1  2  3  4  5  6 |
---------------+-------------------+-----
Axes           | 2 3 4 5 |  5.0
Armour         | 3 |  3.8
Shields        | 3 |  3.4
Fighting       | 4 |  4.1
Dodging        | 1 |  1.1
Stealth        | |  0.7

Action                   |  1- 3 |  4- 6 |  7- 9 || total
-------------------------+-------+-------+-------++-------
Melee: War axe           |   119 |    63 |       ||   182
       Headbutt          |       |    10 |       ||    10
  Use: Potion            |       |     2 |       ||     2
  Eat: Chunk             |     3 |     6 |       ||     9
       Ration            |     1 |       |       ||     1
Armor: Scale mail        |    59 |    32 |       ||    91
Dodge: Dodged            |    23 |    11 |       ||    34
Block: Medium shield     |    77 |    25 |     1 ||   103
